 Dungeon Crawl Stone Soup version 0.21.1-1-g345015f (webtiles) character file.

149562 troglodite the Carver (level 16, -4/196 HPs)
             Began as a Demonspawn Berserker on Feb 12, 2018.
             Was a High Priest of Trog.
             Killed by the power of Zot (35 damage)
             ... on level 3 of the Spider Nest.
             The game lasted 01:51:55 (28656 turns).

troglodite the Carver (Demonspawn Berserker)       Turns: 28656, Time: 01:51:56

Health: -4/196     AC: 35    Str: 23      XL:     16   Next: 96%
Magic:  16/16      EV: 12    Int: 10      God:    Trog [*****.]
Gold:   263        SH: 29    Dex: 15 (20) Spells: 15/15 levels left

rFire    . . .     SeeInvis +   L - +9 scimitar (flame)
rCold    + + +     Gourm    .   k - +10 large shield of Ignorance {rN+ Int-4}
rNeg     + + .     Faith    .   v - +9 chain mail "Licloif" {Regen+ Dex+2}
rPois    +         Spirit   .   a - +0 mask of the Dragon {MR+ Slay+3 SInv}
rElec    .         Reflect  .   s - +2 cloak
rCorr    .         Harm     .   d - +2 pair of gloves
MR       ++...                  (boots unavailable)
Stlth    ..........             o - amulet of Urrorery {rPois rC++ Regen+ Int+4}
HPRegen  1.22/turn              p - +4 ring of protection
MPRegen  0.15/turn              w - ring "Zuoxtuutz" {rN+ SInv}

@: berserking, slowed
A: talons 3, yellow scales 2, cold resistance 1, demonic guardian 1, freezing
cloud immunity
a: Berserk, Trog's Hand, Brothers in Arms, Burn Spellbooks, Renounce Religion


You were on level 3 of the Spider Nest.
You worshipped Trog.
Trog was extremely pleased with you.
You were not hungry.

You visited 4 branches of the dungeon, and saw 26 of its levels.
You also visited: Labyrinth and Ice Cave.

You collected 3803 gold pieces.
You spent 3540 gold pieces at shops.

Inventory:

Hand Weapons
 L - a +9 scimitar of flaming (weapon)
 P - a +2 scimitar of slicing
 V - a +2 hunting sling of flaming
 W - the +10 eveningstar of Iclaet {freeze, *Corrode rElec rF++ Str+2}
   (You found it on level 5 of the Lair of Beasts)

   It has been specially enchanted to freeze those struck by it, causing extra
   injury to most foes and up to half again as much damage against particularly
   susceptible opponents.
   It can also slow down cold-blooded creatures.
   It affects your strength (+2).
   It greatly protects you from fire.
   It insulates you from electricity.
   It may corrode you when you take damage.
Missiles
 e - 612 stones (quivered)
 i - 287 sling bullets
Armour
 a - the +0 mask of the Dragon (worn) {MR+ Slay+3 SInv}
   (You bought it in a shop on level 2 of the Orcish Mines)

   It affects your accuracy and damage with ranged weapons and melee attacks
   (+3).
   It affects your resistance to hostile enchantments.
   It lets you see invisible.
 d - a +2 pair of gloves (worn)
 k - the +10 large shield of Ignorance (worn) {rN+ Int-4}
   (You bought it in a shop on level 11 of the Dungeon)

   It affects your intelligence (-4).
   It protects you from negative energy.
 s - a +2 cloak (worn)
 v - the +9 chain mail "Licloif" (worn) {Regen+ Dex+2}
   (You found it on level 4 of the Dungeon)

   It affects your dexterity (+2).
   It increases your rate of regeneration.
 O - a scarf of cloud immunity
Jewellery
 o - the amulet of Urrorery (around neck) {rPois rC++ Regen+ Int+4}
   (You bought it in a shop on level 2 of the Orcish Mines)

   [amulet of regeneration]

   It affects your intelligence (+4).
   It greatly protects you from cold.
   It protects you from poison.
   It increases your rate of regeneration.
 p - a +4 ring of protection (left hand)
 w - the ring "Zuoxtuutz" (right hand) {rN+ SInv}
   (You found it in an ice cave)

   [ring of positive energy]

   It protects you from negative energy.
   It lets you see invisible.
 S - a +3 ring of protection
 X - a +4 ring of dexterity
 Y - an uncursed ring of positive energy
 Z - an uncursed ring of resist corrosion
Wands
 n - a wand of disintegration (10)
 y - a wand of polymorph (11)
 H - a wand of enslavement (19)
 M - a wand of digging (24)
 N - a wand of scattershot (7)
 Q - a wand of iceblast (25)
Scrolls
 b - 5 scrolls of remove curse
 f - 2 scrolls of blinking
 g - 9 scrolls of identify
 h - 13 scrolls of teleportation
 l - 4 scrolls of fear
 G - 3 scrolls of magic mapping
 I - 7 scrolls of fog
 U - a scroll of enchant armour
Potions
 j - a potion of brilliance
 m - 14 potions of curing
 q - 4 potions of agility
 r - a potion of resistance
 t - 2 potions of magic
 x - a potion of lignification
 z - 3 potions of haste
 A - 5 potions of invisibility
 B - a potion of cancellation
 C - 2 potions of ambrosia
 D - a potion of flight
 E - a potion of might
 J - a potion of heal wounds
Comestibles
 c - 37 rations


   Skills:
 * Level 13.4 Fighting
 + Level 13.8 Long Blades
 + Level 0.6 Maces & Flails
 * Level 10.4 Slings
 * Level 11.7 Armour
 * Level 10.3 Dodging
 + Level 4.0 Stealth
 * Level 12.0 Shields


You had 15 spell levels left.
You didn't know any spells.

Dungeon Overview and Level Annotations

Branches:
Dungeon (15/15)            Temple (0/1) D:5            Lair (6/6) D:8
 Shoals (0/4) Lair:3       Spider (3/4) Lair:3        Slime (0/5) Lair:5
    Orc (2/2) D:10            Elf (0/3) Orc:2        Vaults (0/5) D:13
 Depths (0/5) D:15

Altars:
Ashenzari
Dithmenos
Elyvilon
Fedhas
Gozag
Makhleb
Nemelex Xobeh
Okawaru
Qazlal
Sif Muna
Trog
Wu Jian
Xom
Yredelemnul
Zin
The Shining One

Shops:
D:5 :%   D:10 [(   D:11 [   D:15 *   Orc:2 ([=[*

Portals:
Trove: D:15 (give +4 storm dragon scales)


Innate Abilities, Weirdness & Mutations

You have claws for feet.
You are mostly covered in yellow scales. (AC +3)
Your flesh is cold resistant. (rC+)
A weak demonic guardian rushes to your aid.
You are immune to freezing clouds.


Message History

You closely miss the emperor scorpion. Your kick misses the emperor scorpion.
The emperor scorpion is severely wounded.
You block the emperor scorpion's attack.
The emperor scorpion claws you!
* * * LOW HITPOINT WARNING * * *
You block the emperor scorpion's attack.
Your troll bites the emperor scorpion.
Your troll closely misses the emperor scorpion.
Your troll claws the emperor scorpion but does no damage.
The emperor scorpion completely misses your troll.
The emperor scorpion claws your troll!
The emperor scorpion closely misses your troll.
The torpor snail barely misses you.
You riposte.
You slash the torpor snail! You burn the torpor snail.
The torpor snail is moderately wounded.
You hit the emperor scorpion but do no damage.
The emperor scorpion is severely wounded.
The power of Zot is invoked against you!
There is a sudden blast of acid!
The acid blast engulfs you!
You die...

##..^......#..#... ## ##
##..###.......... ^##.#
####.##......... ..^.##
#..##........ ###.#..####
#^..#....#### ^ ..^#..^..#
##.^....##... #^$
^w.#...#...###^.....##..##
#$
^..^^#.#..^###...####....#
#
...#^^..^@T###©.....#...##
....^#^#.sw###..##.##..##.
...#^^^#.^5###^....#......
. .^^#^.s..# #........^...
###.#.^#### ##.....####.#
....## #..#......### ^##^#
####..#......... # ## ##
##^..>.#..#..#..# ##
##.....^#^.#..#..^


You could see an emperor scorpion (berserk), a torpor snail (berserk), an orb
spider, a friendly troll (berserk) and a friendly white imp.

Vanquished Creatures
  Agnes (D:14)
  2 emperor scorpions
  2 orc warlords
  5 entropy weavers
  A spark wasp (Spider:2)
  3 fire dragons
  3 ettins (Orc:2)
  A minotaur (Lab)
  5 hydras
  3 ice dragons
  Fannar (D:11)
  Harold (Orc:1)
  3 centaur warriors
  2 vault guards (D:13)
  6 two-headed ogres
  2 death yaks (Lair:5)
  2 tengu warriors (D:14)
  2 orc high priests
  The ghost of Mgcat the Fighter, a novice GrMo of Ru (D:8)
  Nergalle (D:12)
  3 unseen horrors
  3 wizards (D:13)
  Pikel (D:7)
  3 orc knights
  A lindwurm (Lair:6)
  A wolf spider zombie (D:13)
  2 orc sorcerers
  8 orb spiders
  An orb spider (shapeshifter) (D:13)
  8 deep elf magi
  An oklob plant (Lair:1)
  8 ugly things
  17 wolf spiders
  A manticore (D:13)
  A moth of wrath (Spider:3)
  A manticore (shapeshifter) (D:11)
  11 cyclopes
  2 molten gargoyles (Lair:6)
  2 ice statues (IceCv)
  17 elephants
  4 black mambas (Lair:6)
  3 centaur skeletons
  Maurice (D:11)
  2 gargoyles
  13 komodo dragons
  2 efreet
  A torpor snail (Spider:3)
  19 spiny frogs
  6 rime drakes
  2 demonic crawlers
  3 trolls
  A merfolk (Lair:3)
  2 ice devils (Lair:3)
  27 jumping spiders
  6 hornets
  A polar bear (Lair:6)
  8 slime creatures
  3 meliai
  14 blink frogs
  8 hippogriffs
  Grinder (D:6)
  7 dream sheep (Lair:6)
  Sigmund (D:6)
  A water elemental (D:15)
  13 tarantellas
  3 wyverns
  45 redbacks
  5 wraiths
  A vampire (D:14)
  29 yaks
  2 shadows
  8 basilisks
  18 humans (D:13)
  2 chaos spawn (D:13)
  A steam dragon (Lair:6)
  Grum (D:10)
  A hungry ghost (D:12)
  10 vampire mosquitoes
  6 wargs
  4 hell hounds (Lair:6)
  An acid dragon (D:15)
  7 porcupines
  16 water moccasins
  25 orc warriors
  16 ice beasts
  3 black bears
  5 phantoms
  4 sky beasts
  A slave (D:7)
  19 ogres
  12 wolves
  3 eyes of draining
  4 necrophages
  14 centaurs
  2 elf zombies (D:8)
  11 crocodiles
  2 big kobolds
  Blork the orc (D:6)
  18 bullfrogs
  A wyvern skeleton (D:14)
  2 scorpions
  20 wights
  3 electric eels
  7 howler monkeys
  4 crimson imps
  2 bullfrog zombies
  A centaur zombie (D:5)
  5 human zombies (D:8)
  5 lava snakes (Lair:6)
  Crazy Yiuf (D:6)
  A bullfrog skeleton (D:4)
  7 hounds
  15 orc wizards
  11 jellies
  15 orc priests
  Jessica (D:3)
  6 iguanas
  Natasha (D:2)
  10 worker ants
  A killer bee zombie (D:10)
  A hound zombie (D:5)
  A hound skeleton (D:10)
  2 mummies (D:8)
  4 gnolls (D:5)
  10 adders
  6 shadow imps
  An ooze (D:4)
  3 worms
  3 dart slugs
  7 leopard geckos
  74 orcs
  5 bats
  6 giant cockroaches
  9 hobgoblins
  4 jackals (D:2)
  5 quokkas
  A ball python (D:3)
  3 frilled lizards
  5 goblins
  2 jackal skeletons (D:6)
  A jackal zombie (D:5)
  16 kobolds
  2 orc zombies (D:8)
  A quokka zombie (D:6)
  8 rats
  A bush (Lair:1)
  3 fungi
  5 plants
896 creatures vanquished.

Vanquished Creatures (collateral kills)
  The ghost of PeterLawrence the Warrior, a journeyman MiFi of Okawaru (D:15)
  An emperor scorpion (Spider:2)
  A stone giant (Orc:2)
  An entropy weaver (Spider:3)
  Josephine (D:11)
  A hydra (Lair:5)
  A two-headed ogre (D:13)
  A catoblepas (D:15)
  Erica (D:9)
  A death yak (Lair:5)
  An orc knight (Orc:1)
  2 orc sorcerers (Orc:2)
  An orb spider (Spider:2)
  4 ugly things (D:15)
  2 deep elf magi (D:14)
  A cyclops (Orc:2)
  2 wolf spiders (Spider:2)
  A spiny frog (Lair:1)
  A demonic crawler (Spider:3)
  An efreet (D:15)
  A komodo dragon (Lair:5)
  3 jumping spiders (Spider:2)
  A blink frog (Lair:1)
  4 redbacks
  A tarantella (Spider:1)
  A basilisk (Lair:1)
  2 yaks
  2 humans (D:13)
  A steam dragon (Lair:6)
  2 vampire mosquitoes (D:13)
  4 orc warriors
  2 wolves
  A centaur (D:11)
  5 orc priests
  A worker ant (D:13)
  6 orc wizards
  A shadow imp (D:8)
  A leopard gecko (D:8)
  16 orcs
  A kobold (D:13)
82 creatures vanquished.

Vanquished Creatures (others)
  A moth of wrath (Spider:3)
  A redback (Spider:2)
  A slave (D:7)
  An electric eel (D:15)
  2 ball lightnings (Spider:3)
  16 fungi
  4 plants
26 creatures vanquished.

Grand Total: 1004 creatures vanquished

Notes
Turn   | Place    | Note
-------+----------+-------------------------------------------
     0 | D:1      | troglodite the Demonspawn Berserker began the quest for the Orb.
     0 | D:1      | Reached XP level 1. HP: 18/18 MP: 1/1
   254 | D:1      | Gained mutation: You are partially covered in yellow scales. (AC +2) [demonic ancestry]
   254 | D:1      | Reached XP level 2. HP: 19/24 MP: 2/2
   670 | D:1      | Reached ** piety under Trog
   899 | D:2      | Reached XP level 3. HP: 24/30 MP: 3/3
  1327 | D:2      | Reached XP level 4. HP: 19/37 MP: 4/4
  1716 | D:2      | Noticed Natasha
  1724 | D:2      | Killed Natasha
  1823 | D:3      | Noticed Jessica
  1829 | D:3      | Killed Jessica
  2019 | D:3      | Gained mutation: Your flesh is cold resistant. (rC+) [demonic ancestry]
  2019 | D:3      | Reached XP level 5. HP: 42/42 MP: 5/5
  2538 | D:4      | Reached skill level 1 in Shields
  2793 | D:4      | Got a faintly humming chain mail
  2804 | D:4      | Identified the +9 chain mail "Licloif" {Regen+ Dex+2} (You found it on level 4 of the Dungeon)
  2823 | D:4      | Noticed an ogre
  2839 | D:4      | Killed an ogre
  2839 | D:4      | Reached *** piety under Trog
  2839 | D:4      | Gained mutation: You have sharp toenails. [demonic ancestry]
  2839 | D:4      | Reached XP level 6. HP: 42/49 MP: 6/6
  2887 | D:4      | Found a stormy altar of Qazlal.
  2995 | D:4      | Reached skill level 1 in Slings
  3053 | D:4      | Gained mutation: You are mostly covered in yellow scales. (AC +3) [demonic ancestry]
  3053 | D:4      | Reached XP level 7. HP: 55/55 MP: 7/7
  3245 | D:4      | Reached skill level 5 in Fighting
  3493 | D:5      | Entered Level 5 of the Dungeon
  3503 | D:5      | Reached XP level 8. HP: 62/62 MP: 8/8
  3591 | D:5      | Found Efraseil's Food Shoppe.
  3737 | D:5      | Reached skill level 5 in Long Blades
  4045 | D:5      | Found a staircase to the Ecumenical Temple.
  4307 | D:5      | Found Diricva Qehi's Book Shoppe.
  4558 | D:6      | Reached **** piety under Trog
  4590 | D:6      | Reached skill level 5 in Armour
  4591 | D:6      | Found a basalt altar of Yredelemnul.
  4695 | D:6      | Noticed Grinder
  4705 | D:6      | Killed Grinder
  4849 | D:6      | Noticed Sigmund
  4850 | D:6      | Noticed Blork the orc
  4857 | D:6      | Killed Blork the orc
  4861 | D:6      | Killed Sigmund
  4861 | D:6      | Gained mutation: You have razor-sharp toenails. [demonic ancestry]
  4861 | D:6      | Reached XP level 9. HP: 68/68 MP: 9/9
  5099 | D:6      | Found a sparkling altar of Nemelex Xobeh.
  5103 | D:6      | Found a shattered altar of Ashenzari.
  5112 | D:6      | Found a deep blue altar of Sif Muna.
  5116 | D:6      | Found a bloodstained altar of Trog.
  5143 | D:6      | Found a runed door.
  5147 | D:6      | Noticed Crazy Yiuf
  5151 | D:6      | Killed Crazy Yiuf
  5388 | D:7      | Noticed Pikel
  5405 | D:7      | Killed Pikel
  5405 | D:7      | Reached skill level 1 in Stealth
  5659 | D:7      | Found a bloodstained altar of Trog.
  6259 | D:8      | Received a gift from Trog
  6262 | D:8      | Reached skill level 5 in Dodging
  6262 | D:8      | Gained mutation: A weak demonic guardian rushes to your aid. [demonic ancestry]
  6262 | D:8      | Reached XP level 10. HP: 76/76 MP: 10/10
  6408 | D:8      | Noticed Mgcat's ghost (novice GrMo)
  6616 | D:9      | Noticed a two-headed ogre
  6624 | D:9      | Killed a two-headed ogre
  6624 | D:9      | Reached skill level 5 in Shields
  6631 | D:9      | Noticed Erica
  6647 | D:9      | Killed Erica
  6791 | D:9      | Reached skill level 5 in Slings
  6838 | D:9      | Found a burning altar of Makhleb.
  6841 | D:9      | Found a glowing golden altar of the Shining One.
  6845 | D:9      | Found an ornate altar of the Wu Jian Council.
  6845 | D:9      | Found an opulent altar of Gozag.
  6847 | D:9      | Found a blossoming altar of Fedhas.
  6848 | D:9      | Found a shadowy altar of Dithmenos.
  6895 | D:9      | Noticed a two-headed ogre
  6901 | D:9      | Killed a two-headed ogre
  6914 | D:9      | Reached ***** piety under Trog
  6914 | D:9      | Received a gift from Trog
  6964 | D:8      | Noticed a two-headed ogre
  6975 | D:8      | Killed a two-headed ogre
  7146 | D:8      | Killed Mgcat's ghost
  7146 | D:8      | Reached XP level 11. HP: 84/84 MP: 11/11
  7305 | D:8      | Found an iron altar of Okawaru.
  7392 | D:8      | Found a staircase to the Lair.
  7503 | D:8      | Found a white marble altar of Elyvilon.
  7523 | D:8      | Noticed a two-headed ogre
  7532 | D:8      | Killed a two-headed ogre
  7766 | D:8      | Found a basalt altar of Yredelemnul.
  8130 | D:10     | Entered Level 10 of the Dungeon
  8130 | D:10     | Found Lygiv's Weapon Shop.
  8130 | D:10     | Found a staircase to the Orcish Mines.
  8131 | D:10     | Found Bapedudo's Armour Shop.
  8205 | Orc:1    | Entered Level 1 of the Orcish Mines
  8209 | Orc:1    | Noticed Harold
  8214 | Orc:1    | Received a gift from Trog
  8223 | Orc:1    | Killed Harold
  8229 | Orc:1    | Noticed an orc sorcerer
  8230 | Orc:1    | Noticed an orc knight
  8234 | Orc:1    | Killed an orc sorcerer
  8241 | Orc:1    | Killed an orc knight
  8437 | Orc:2    | Entered Level 2 of the Orcish Mines
  8437 | Orc:2    | Noticed an orc high priest
  8449 | Orc:2    | Killed an orc high priest
  8559 | Orc:2    | Received a gift from Trog
  8681 | Orc:2    | Noticed an orc sorcerer
  8686 | Orc:2    | Noticed an orc sorcerer
  8693 | Orc:2    | Killed an orc sorcerer
  8696 | Orc:2    | Killed an orc sorcerer
  8698 | Orc:2    | Found a staircase to the Elven Halls.
  8719 | Orc:2    | Noticed an orc warlord
  8831 | Orc:2    | Noticed an ettin
  8837 | Orc:2    | Killed an orc warlord
  8841 | Orc:2    | Killed an ettin
  8843 | Orc:2    | Reached XP level 12. HP: 61/94 MP: 12/12
  8930 | Orc:2    | Found Eguniyf's Antique Weapon Shop.
  9015 | Orc:1    | Noticed an orc warlord
  9027 | Orc:1    | Noticed an orc high priest
  9155 | Orc:2    | Received a gift from Trog
  9177 | Orc:2    | Noticed a stone giant
  9183 | Orc:2    | Killed a stone giant
  9380 | Orc:2    | Reached skill level 10 in Long Blades
  9477 | Orc:1    | Killed an orc high priest
  9658 | Orc:1    | Killed an orc warlord
 10031 | Orc:2    | Noticed an ettin
 10145 | Orc:2    | Killed an ettin
 10337 | Orc:2    | Found Ihafiam's Antique Armour Boutique.
 10375 | Orc:2    | Found Byraagil's Armour Shop.
 10398 | Orc:2    | Noticed an ettin
 10398 | Orc:2    | Found Waun Dauno's Jewellery Shop.
 10406 | Orc:2    | Killed an ettin
 10413 | Orc:2    | Received a gift from Trog
 10476 | Orc:2    | Found Hanko's General Store.
 10857 | Orc:2    | Bought the +0 mask of the Dragon {MR+ Slay+3 SInv} for 968 gold pieces
 10857 | Orc:2    | Found the +0 mask of the Dragon {MR+ Slay+3 SInv}
 11164 | D:10     | Noticed a two-headed ogre
 11169 | D:10     | Noticed Grum
 11175 | D:10     | Killed a two-headed ogre
 11182 | D:10     | Killed Grum
 11207 | D:10     | Received a gift from Trog
 11830 | D:11     | Found Yris's Antique Armour Shoppe.
 12078 | D:11     | Noticed Maurice
 12085 | D:11     | Killed Maurice
 12142 | D:11     | Received a gift from Trog
 12151 | D:11     | Noticed Fannar
 12157 | D:11     | Killed Fannar
 12157 | D:11     | Reached XP level 13. HP: 102/102 MP: 13/13
 12254 | D:11     | Noticed Josephine
 12267 | D:11     | Killed Josephine
 12924 | D:12     | Noticed Nergalle
 12942 | D:12     | Killed Nergalle
 12942 | D:12     | Received a gift from Trog
 13018 | D:12     | Reached skill level 10 in Fighting
 13226 | D:12     | Found an opulent altar of Gozag.
 13972 | D:13     | Found a gate to the Vaults.
 14020 | D:13     | Got a fine trident
 14067 | D:13     | Identified the +7 trident of Muasaosi {flame, rPois rF- rC+} (You found it on level 13 of the Dungeon)
 14183 | D:13     | Found a shimmering altar of Xom.
 14186 | D:13     | Found the +8 mace of Variability {chaos}
 14815 | D:14     | Reached XP level 14. HP: 105/111 MP: 14/14
 14836 | D:14     | HP: 4/111 [meliai/war axe of flaming (5)]
 15169 | D:14     | Received a gift from Trog
 15378 | D:14     | Noticed Agnes
 15384 | D:14     | Killed Agnes
 15572 | D:14     | Received a gift from Trog
 16107 | D:14     | Received a gift from Trog
 16393 | D:15     | Entered Level 15 of the Dungeon
 16395 | D:15     | Noticed PeterLawrence's ghost (journeyman MiFi)
 16420 | D:15     | Found Imecwaa's General Store.
 16665 | D:15     | Reached skill level 10 in Armour
 16895 | D:15     | Found a portal to a secret trove of treasure.
 17247 | D:15     | Found a staircase to the Depths.
 17374 | D:15     | Killed PeterLawrence's ghost
 17559 | D:15     | Found a glowing silver altar of Zin.
 18164 | Orc:2    | Bought the amulet of Urrorery {rPois rC++ Regen+ Int+4} for 1140 gold pieces
 18258 | Lair:1   | Entered Level 1 of the Lair of Beasts
 18555 | Lair:1   | Received a gift from Trog
 18707 | Lair:1   | Gained mutation: You are immune to freezing clouds. [demonic ancestry]
 18707 | Lair:1   | Reached XP level 15. HP: 116/120 MP: 15/15
 19289 | Lair:2   | Found a labyrinth entrance.
 19334 | Lab      | Entered a labyrinth
 20147 | Lab      | Identified the Guide on Curses and the Rocks
 20177 | Lab      | Identified a +2 pair of boots of running (You found it in a labyrinth)
 20896 | Lair:3   | Found a frozen archway.
 20922 | IceCv    | Entered an ice cave
 21061 | IceCv    | Received a gift from Trog
 21114 | IceCv    | Got a scintillating amber ring
 21150 | IceCv    | Identified the ring "Zuoxtuutz" {rN+ SInv} (You found it in an ice cave)
 21404 | Lair:3   | Found a hole to the Spider Nest.
 21836 | Lair:3   | Found a staircase to the Shoals.
 21995 | Lair:3   | Got a faintly glowing plate armour
 22006 | Lair:3   | Identified the +0 plate armour "Hioh" {+Inv rF+ MR- Dex+8} (You found it on level 3 of the Lair of Beasts)
 22751 | Lair:4   | You fall through a shaft!
 23623 | Lair:5   | Found a staircase to the Slime Pits.
 23821 | Lair:5   | Reached skill level 10 in Shields
 23886 | Lair:5   | Got a fine eveningstar
 23891 | Lair:5   | Identified the +10 eveningstar of Iclaet {freeze, *Corrode rElec rF++ Str+2} (You found it on level 5 of the Lair of Beasts)
 24259 | Lair:6   | Entered Level 6 of the Lair of Beasts
 24847 | D:11     | Bought the +10 large shield of Ignorance {rN+ Int-4} for 1432 gold pieces
 24847 | D:11     | Found the +10 large shield of Ignorance {rN+ Int-4}
 25194 | Lair:6   | Received a gift from Trog
 25194 | Lair:6   | Gained mutation: You have claws for feet. [demonic ancestry]
 25194 | Lair:6   | Reached XP level 16. HP: 126/129 MP: 16/16
 25271 | Lair:6   | Reached skill level 10 in Slings
 25343 | Lair:6   | Found a large runed door.
 25346 | Lair:6   | Found a large runed door.
 25700 | Spider:1 | Entered Level 1 of the Spider Nest
 26235 | Spider:1 | Reached skill level 10 in Dodging
 26448 | Spider:1 | Received a gift from Trog
 27731 | Spider:2 | Got a crystal short sword
 27732 | Spider:2 | Identified the +4 short sword of Ash {pierce, rC+ MR- Str+6} (You found it on level 2 of the Spider Nest)
 27975 | Spider:3 | Found a transporter.
 28656 | Spider:3 | Killed by the power of Zot

Skill      XL: |  1  2  3  4  5  6  7  8  9 10 11 12 13 14 15 16 |
---------------+-------------------------------------------------+-----
Long Blades    | 3 4 5 7 8 9 10 11 12 13 | 13.8
Armour         | 2 3 4 5 6 7 8 9 10 11 | 11.7
Dodging        | 2 3 4 5 6 7 8 9 10 | 10.3
Fighting       | 4 5 6 7 8 9 10 11 12 13 | 13.4
Shields        | 1 2 3 4 5 6 7 8 9 10 12 | 12.0
Slings         | 1 2 3 4 5 6 7 8 9 10 | 10.4
Stealth        | 2 3 4 |  4.0
Maces & Flails | |  0.6

Action                   |  1- 3 |  4- 6 |  7- 9 | 10-12 | 13-15 | 16-18 || total
-------------------------+-------+-------+-------+-------+-------+-------++-------
Melee: Falchion          |   119 |    94 |       |       |       |       ||   213
       Long sword        |       |    39 |   240 |   110 |       |       ||   389
       Kick              |       |    20 |    78 |       |       |   218 ||   316
       Short sword       |       |    16 |       |       |       |       ||    16
       Scimitar          |       |       |       |   567 |  1365 |   540 ||  2472
       Eveningstar       |       |       |       |       |    17 |       ||    17
 Fire: Hunting sling     |       |       |       |       |    29 |       ||    29
Invok: Berserk           |     3 |     4 |     8 |    17 |     9 |     5 ||    46
       Trog's Hand       |     1 |       |       |     1 |     1 |     1 ||     4
       Burn Spellbooks   |       |       |     1 |     2 |     5 |       ||     8
       Brothers in Arms  |       |       |       |     9 |     5 |     4 ||    18
  Use: Scroll            |     1 |     3 |     4 |    15 |    14 |     2 ||    39
       Potion            |     1 |       |       |     1 |     2 |       ||     4
 Stab: Distracted        |       |       |       |     9 |    21 |     6 ||    36
       Petrifying        |       |       |       |       |     1 |       ||     1
  Eat: Chunk             |     3 |    10 |    10 |    38 |    41 |     4 ||   106
       Ration            |       |       |     2 |     1 |     4 |     4 ||    11
Armor: Animal skin       |    11 |       |       |       |       |       ||    11
       Scale mail        |    66 |    32 |       |       |       |       ||    98
       Chain mail        |       |    30 |   152 |   362 |   711 |   323 ||  1578
Dodge: Dodged            |    94 |    59 |   104 |   338 |   646 |   204 ||  1445
Block: Buckler           |    12 |    23 |    69 |   213 |   403 |       ||   720
       Large shield      |       |       |       |       |    65 |   944 ||  1009
       Rpst.: Falchion   |    39 |    12 |       |       |       |       ||    51
       Long sword        |       |     4 |    38 |     9 |       |       ||    51
       Scimitar          |       |       |       |    72 |   162 |    33 ||   267
